 Dungeon Crawl Stone Soup version 0.28-a0-723-g095bd1b44f (webtiles) character file.

Game seed: 9142656781397218970

56 Essalna the Firebug (level 3, -3/28 HPs)
             Began as a Gargoyle Fire Elementalist on Oct 26, 2021.
             Slain by an orc (4 damage)
             ... on level 3 of the Dungeon.
             The game lasted 00:06:16 (2620 turns).

Essalna the Firebug (Gargoyle Fire Elementalist)    Turns: 2620, Time: 00:06:16

Health: -3/28      AC: 21    Str: 11    XL:     3   Next: 97%
Magic:  7/7        EV:  2    Int: 22    God:
Gold:   122        SH:  0    Dex: 10    Spells: 4/7 levels left

rFire   . . .      SeeInvis .   b - +3 whip
rCold   . . .      Faith    .   (no shield)
rNeg    + + .      Spirit   .   (armour currently unavailable)
rPois   ∞          Reflect  .   (helmet currently unavailable)
rElec   .          Harm     .   (cloak currently unavailable)
rCorr   .          Rampage  .   (gloves currently unavailable)
Will    .....      NoTele   +   (boots currently unavailable)
Stlth   ++........              (no amulet)
HPRegen 0.09/turn               d - ring of positive energy
MPRegen 0.10/turn               e - +6 ring of intelligence

@: tree-form
A: stationary, stasis, torment immunity, boosted hp, sickness immunity, AC +3,
negative energy resistance 1, (electricity resistance), torment resistance 1,
petrification resistance
a: no special abilities


You were on level 3 of the Dungeon.
You were a tree.
You visited 1 branch of the dungeon, and saw 3 of its levels.

You collected 122 gold pieces.

Inventory:

Hand Weapons
 b - a +3 whip (weapon)
Armour
 a - a +0 robe (melded)
 f - a +0 helmet (melded)
Jewellery
 d - a ring of positive energy (left branch)
 e - a +6 ring of intelligence (right branch)
Scrolls
 h - a scroll of torment {unknown}
 i - a scroll of teleportation {unknown}
 j - a scroll of fog {unknown}
 k - a scroll of enchant armour {unknown}
 l - 2 scrolls of identify {unknown}


   Skills:
 - Level 1.5 Dodging
 - Level 2.1 Stealth
 + Level 2.7 Spellcasting
 + Level 2.4 Conjurations
 + Level 3.6 Fire Magic


You had 4 spell levels left.
You knew the following spells:

 Your Spells              Type           Power      Damage    Failure   Level
a - Foxfire               Conj/Fire      64%        2x1d7     3%          1
b - Scorch                Fire           36%        2d7       4%          2

Your spell library contained the following spells:

 Spells                   Type           Power      Damage    Failure   Level
 Conjure Flame            Conj/Fire      16%        6-21      11%         3
 Inner Flame              Hex/Fire       11%        N/A       19%         3
 Flame Wave               Conj/Fire      16%        3d5       36%         4


Dungeon Overview and Level Annotations

Branches:
Dungeon (3/15)

Altars:
Nemelex Xobeh


Innate Abilities, Weirdness & Mutations

You are a tree.
Your roots penetrate the ground, keeping you stationary.
You cannot be teleported.
You are immune to unholy pain and torment.
Your maximum health is greatly increased.
Your equipment is partially melded.
You are immune to sickness and miasma.
((Your stone body is resilient. (AC +3)))
You are immune to poison.
You resist negative energy. (rN+)
((You are resistant to electric shocks. (rElec)))
You are resistant to unholy torment.
You are immune to petrification.


Message History

You cannot move. (Use ctrl+direction or * direction to attack without moving.)
You cannot move. (Use ctrl+direction or * direction to attack without moving.)
You cannot move. (Use ctrl+direction or * direction to attack without moving.)
You cannot move. (Use ctrl+direction or * direction to attack without moving.)
You cannot move. (Use ctrl+direction or * direction to attack without moving.)
You cannot move. (Use ctrl+direction or * direction to attack without moving.)
You cannot move. (Use ctrl+direction or * direction to attack without moving.)
You cannot move. (Use ctrl+direction or * direction to attack without moving.)
You cannot move. (Use ctrl+direction or * direction to attack without moving.)
You closely miss the orc priest. Something hits you but does no damage.
The orc priest hits you but does no damage.
You hit something.
The orc throws a boomerang.
The boomerang hits you.
The orc priest hits you with a +2 falchion of holy wrath.
Something hits you but does no damage.
You miss something.
You hear some strange, mumbled words.
A magic dart appears from out of thin air!
The magic dart hits you but does no damage.
The orc priest hits you but does no damage.
Something hits you but does no damage.
You closely miss something.
Something hits you but does no damage. x2
The orc priest hits you with a +2 falchion of holy wrath.
The orc throws a boomerang.
The boomerang hits you but does no damage.
You hit something.
You feel less invigorated. Something hits you but does no damage.
The orc priest hits you with a +2 falchion of holy wrath.
Something hits you but does no damage.
You swing at nothing.
The orc hits you but does no damage.
The orc priest mumbles some strange prayers to Beogh against you.
Beogh smites you!
Ouch! That really hurt!
* * * LOW HITPOINT WARNING * * *
Something hits you but does no damage. x3; The orc hits you but does no damage.
The orc priest hits you with a +2 falchion of holy wrath.
* * * LOW HITPOINT WARNING * * *
You barely miss the orc.
You feel less confused. Something hits you but does no damage.
The orc hits you with a +0 short sword.
You die...

###..†# .. .....# #.#
###...# .!. #.....#
###.#
###.....########
.)...
#....###........
#..###.#### #.#######
...#..o{..# #.#
#...o♣.## #.#
#......#######.#
#............#.#
##...........#.# ##
#...........#.# #.
#...........#.# ##
#...........#.#######
#...........#........
.........#.#######


You could see an orc priest and an orc.

Vanquished Creatures
  An adder (D:2)
  A worm (D:3)
  An orc (D:3)
  8 ball pythons
  3 endoplasms
  A giant cockroach (D:2)
  5 goblins
  5 hobgoblins (D:1)
  8 bats
  4 frilled lizards
  5 kobolds
  A rat (D:2)
43 creatures vanquished.

Vanquished Creatures (others)
  107 foxfires
107 creatures vanquished.

Grand Total: 150 creatures vanquished

Notes
Turn   | Place    | Note
-------+----------+-------------------------------------------
     0 | D:1      | Essalna the Gargoyle Fire Elementalist began the quest for
                  | the Orb.
     0 | D:1      | Reached XP level 1. HP: 10/10 MP: 3/3
   281 | D:1      | Found a faded altar of an unknown god.
   333 | D:1      | Reached XP level 2. HP: 13/15 MP: 1/5
  1330 | D:2      | Reached XP level 3. HP: 19/19 MP: 6/6
  2453 | D:3      | Learned a level 2 spell: Scorch
  2453 | D:3      | Found a sparkling altar of Nemelex Xobeh.
  2619 | D:3      | HP: 1/28 [orc priest (1)]
  2620 | D:3      | Slain by an orc

Illustrated notes

Levels and vault maps discovered:
D:1:      minmay_arrival_three_doors, layout_loops_corners,
          hellmonk_ecumenical_altar_lost_god
D:2:      layout_loops_corners
D:3:      layout_basic, mainiacjoe_overflow_catwalk, minmay_quantized

Skill      XL: |  1  2 |
---------------+-------+-----
Conjurations   | 2 |  2.4
Dodging        | |  1.5
Stealth        | |  2.1
Spellcasting   | |  2.7
Fire Magic     | |  3.6

Action                   || total
-------------------------++-------
Melee: Whip              ||    56
       Unarmed           ||     1
 Cast: Foxfire           ||    68
  Use: Potion            ||     2
 Stab: Sleeping          ||     5
Armor: Robe              ||    22
       Skin              ||    18
Dodge: Dodged            ||    39

Table legend: (Time is in decaauts)
 A = Elapsed time spent in this place.
 B = Non-inter-level travel time spent in this place.
 C = Inter-level travel time spent in this place.
 D = Time resting spent in this place.
 E = Time spent auto-exploring this place.
 F = Levels seen in this place.
 G = Mean time per level.
                   A        B        C        D        E       F      G
               +--------+--------+--------+--------+--------+-----+--------+
         Total |   2623 |   2560 |     63 |      0 |   2182 |   3 |  874.3 |
       Dungeon |   2623 |   2560 |     63 |      0 |   2182 |   3 |  874.3 |
               +--------+--------+--------+--------+--------+-----+--------+

Top non-repeatable levels by time:
     D:1: 1226 daAuts
     D:2: 1162 daAuts
     D:3: 234 daAuts
